Kradschützen Motorcycle Team
Selects Battlefield Espionage Battlegroup
Selects Intel Disruption Beacon
Construct Light Support Kompanie
Construct Mechanized Kompanie
Marder III Tank Destroyer
Selects 250/3 Funkpanzerwagen
Selects Advanced Ambush Training
Marder III Tank Destroyer
Marder III Tank Destroyer
Selects Operation Skorpion
Marder III Tank Destroyer
Pak 38 Anti-tank Gun Team
Pak 38 Anti-tank Gun Team
18-tonne Recovery Half-track